 Dungeon Crawl Stone Soup version 0.23.2-30-g0e89c35649 (webtiles) character file.

Game seed: 16557586641556272417

956 Ceapi the Chopper (level 8, 0/73 HPs)
             Began as a Hill Orc Berserker on June 6, 2019.
             Was a Priest of Trog.
             Slain by a leopard gecko (3 damage)
             ... on level 5 of the Dungeon.
             The game lasted 00:39:28 (5796 turns).

Ceapi the Chopper (Hill Orc Berserker)              Turns: 5796, Time: 00:39:31

Health: 0/73       AC:  6    Str: 24    XL:     8   Next: 14%
Magic:  8/8        EV: 11    Int:  7    God:    Trog [***...]
Gold:   305        SH:  0    Dex: 10    Spells: 7/7 levels left

rFire    + . .     SeeInvis .   a - +0 hand axe
rCold    + . .     Gourm    .   (no shield)
rNeg     . . .     Faith    .   o - +0 ring mail
rPois    +         Spirit   .   (no helmet)
rElec    +         Reflect  .   (no cloak)
rCorr    +         Harm     .   (no gloves)
MR       .....     Rnd*Tele +   (no boots)
Stlth    +.........             (no amulet)
HPRegen  0.22/turn              p - ring of resist corrosion
MPRegen  0.11/turn              (no ring)

@: lethally poisoned (0 -> -2), resistant, berserk cooldown, flying, slowed,
very slow
A: rugged brown scales 1, strong 1, teleportitis 1
a: Berserk, Trog's Hand, Renounce Religion


You were on level 5 of the Dungeon.
You worshipped Trog.
Trog was most pleased with you.
You were not hungry.

You visited 1 branch of the dungeon, and saw 5 of its levels.

You collected 305 gold pieces.

Inventory:

Hand Weapons
 a - a +0 hand axe (weapon)
 i - a +3 hunting sling of flaming
Missiles
 j - 86 stones (quivered)
 q - 23 sling bullets
Armour
 b - a +0 animal skin
 g - a +0 leather armour
 o - a +0 ring mail (worn)
Jewellery
 p - a ring of resist corrosion (left hand)
Scrolls
 d - 2 scrolls of magic mapping
 e - 2 scrolls of random uselessness {unknown}
 h - 7 scrolls of remove curse
 k - a scroll of enchant weapon
 l - a scroll of amnesia
 r - a scroll of identify
 s - a scroll of teleportation {unknown}
Potions
 f - a potion of haste {unknown}
Comestibles
 c - 10 rations


   Skills:
 * Level 6.9 Fighting
 + Level 7.6 Axes
 + Level 3.6 Slings
 + Level 3.8 Armour
 + Level 2.4 Dodging
 + Level 0.7 Stealth


You had 7 spell levels left.
You didn't know any spells.
Your spell library was empty.

Dungeon Overview and Level Annotations

Branches:
Dungeon (5/15)
 Temple: D:4-7

Altars:
Cheibriados
Fedhas
Hepliaklqana
Makhleb
Ru
Trog
Wu Jian


Innate Abilities, Weirdness & Mutations

You are partially covered in rugged brown scales. (AC +1, +3% HP)
Your muscles are strong. (Str +2)
You are occasionally teleported next to monsters.


Message History

The leopard gecko bites you but does no damage.
Okay, then.
You slash the leopard gecko!
You kill the leopard gecko!
Trog accepts your kill.
You barely miss the leopard gecko.
You hit the leopard gecko but do no damage.
* * * LOW HITPOINT WARNING * * *
You feel sick. The leopard gecko misses you. x3
The leopard gecko barely misses you.
You hit the leopard gecko but do no damage.
You closely miss the leopard gecko. The leopard gecko barely misses you.
The leopard gecko closely misses you.
You closely miss the leopard gecko. You hit the leopard gecko.
You kill the leopard gecko!
Trog accepts your kill.
* * * LOW HITPOINT WARNING * * *
You feel sick. The leopard gecko barely misses you.
The leopard gecko bites you.
You die...

....
###..###.##....[.........>##
(..# #..###...........##.....##
#######.###...#......).########
........##..#.#........#
.......###.##.#........#
..####...........))....#
.#####............<....######
..........≈##.#####.........#
....##...≈≈≈###l@≈##........#
######...≈≈≈##≈††≈≈#........# #
#...#≈≈#≈≈≈#≈.#........#
#...#≈≈#≈.≈ ≈≈#........#
###.#≈≈#≈.≈ ≈.#........#
#.#.≈#≈.≈ ≈≈#........# #≈≈≈
≈≈########## #≈≈≈ ≈≈#


You could see a leopard gecko.

Vanquished Creatures
  4 ogres
  A phantom (D:4)
  A scorpion (D:5)
  2 centaur skeletons
  A hound (D:4)
  2 orc wizards (D:4)
  3 worker ants
  A killer bee zombie (D:5)
  A hound zombie (D:5)
  A hound skeleton (D:4)
  3 gnolls (D:4)
  6 adders
  A howler monkey skeleton (D:4)
  An adder skeleton (D:4)
  2 worms
  2 dart slugs
  6 leopard geckos
  15 orcs
  16 giant cockroaches
  6 goblins
  7 hobgoblins
  2 quokkas
  A ball python (D:3)
  3 bats
  6 frilled lizards
  6 kobolds
  A leopard gecko skeleton (D:5)
  A quokka skeleton (D:4)
  6 rats
108 creatures vanquished.

Notes
Turn   | Place    | Note
-------+----------+-------------------------------------------
     0 | D:1      | Ceapi the Hill Orc Berserker began the quest for the Orb.
     0 | D:1      | Reached XP level 1. HP: 19/19 MP: 1/1
   615 | D:1      | Reached XP level 2. HP: 27/27 MP: 2/2
  1356 | D:2      | Reached XP level 3. HP: 33/33 MP: 3/3
  1630 | D:2      | Reached ** piety under Trog
  1635 | D:2      | Gained mutation: Your muscles are strong. (Str +2) [potion
                  | of mutation]
  1635 | D:2      | Gained mutation: You are occasionally teleported next to
                  | monsters. [potion of mutation]
  1635 | D:2      | Gained mutation: You are partially covered in rugged brown
                  | scales. (AC +1, +3% HP) [potion of mutation]
  1844 | D:2      | Found a hazy altar of Hepliaklqana.
  1882 | D:2      | Found a blossoming altar of Fedhas.
  1886 | D:2      | Reached skill level 5 in Axes
  1951 | D:2      | Found a sacrificial altar of Ru.
  1951 | D:2      | Found a burning altar of Makhleb.
  2169 | D:3      | Found a snail-covered altar of Cheibriados.
  2197 | D:3      | Reached XP level 4. HP: 31/42 MP: 4/4
  2800 | D:3      | Found a faded altar of an unknown god.
  3400 | D:4      | Reached XP level 5. HP: 46/48 MP: 5/5
  3480 | D:4      | Reached skill level 5 in Fighting
  3498 | D:4      | Reached *** piety under Trog
  3570 | D:4      | Reached skill level 6 in Axes
  3570 | D:4      | Reached skill level 1 in Slings
  3573 | D:4      | Noticed an ogre
  3583 | D:4      | Killed an ogre
  3583 | D:4      | Reached XP level 6. HP: 53/57 MP: 6/6
  4107 | D:4      | Noticed a phantom
  4227 | D:4      | Killed a phantom
  4227 | D:4      | Reached XP level 7. HP: 40/63 MP: 7/7
  4479 | D:4      | Found a bloodstained altar of Trog.
  5012 | D:5      | Entered Level 5 of the Dungeon
  5629 | D:5      | Reached skill level 7 in Axes
  5638 | D:5      | Found an ornate altar of the Wu Jian Council.
  5661 | D:5      | Reached XP level 8. HP: 73/73 MP: 8/8
  5796 | D:5      | HP: 3/73 [poisoned by a worker ant]
  5796 | D:5      | Slain by a leopard gecko

Skill      XL: |  1  2  3  4  5  6  7 |
---------------+----------------------+-----
Fighting       | 4 5 6 |  6.9
Axes           | 5 6 7 |  7.6
Dodging        | 2 |  2.4
Slings         | 1 3 |  3.6
Armour         | 3 |  3.8
Stealth        | |  0.7

Action                   |  1- 3 |  4- 6 |  7- 9 || total
-------------------------+-------+-------+-------++-------
Melee: Hand axe          |   106 |   115 |    64 ||   285
 Fire: Hunting sling     |       |    55 |    23 ||    78
Throw: Stone             |       |     4 |       ||     4
Invok: Berserk           |       |     2 |     3 ||     5
  Use: Potion            |     4 |     1 |     2 ||     7
       Scroll            |       |     5 |     1 ||     6
  Eat: Ration            |     1 |     1 |     1 ||     3
       Chunk             |     1 |     4 |     4 ||     9
Armor: Leather armour    |    20 |    24 |       ||    44
       Ring mail         |       |    10 |    34 ||    44
Dodge: Dodged            |    53 |    63 |    81 ||   197
